 Dungeon Crawl Stone Soup version 0.29.1-15-g9cfb28693d (webtiles) character file.

Game seed: 8777542649996822127

438 croobank the Insei (level 7, 0/45 HPs)
             Began as an Octopode Transmuter on Apr 24, 2023.
             Was a Follower of the Shining One.
             Slain by an ice beast (6 damage)
             ... on level 5 of the Dungeon on Apr 25, 2023.
             The game lasted 00:14:53 (5332 turns).

croobank the Insei (Octopode Transmuter)            Turns: 5332, Time: 00:14:54

Health: 0/45       AC:  1    Str: 15    XL:     7   Next: 1%
Magic:  0/11       EV: 13    Int: 18    God:    the Shining One [*.....]
Gold:   165        SH:  7    Dex: 12    Spells: 9/12 levels left

rFire   . . .      SeeInvis .     - Unarmed
rCold   . . .      Faith    .   (no shield)
rNeg    . . .      Spirit   +   (helmet currently unavailable)
rPois   .          Reflect  .   g - amulet of guardian spirit
rElec   .          Harm     .   d - ring of willpower
rCorr   .          Rampage  .   A - +6 ring of strength
Will    +....                   (no ring)
Stlth   +.........              (no ring)
HPRegen 0.15/turn               (no ring)
MPRegen 0.12/turn               (no ring)
                                (no ring)
                                (no ring)

@: divinely shielded, appendages (expiring), wereblooded, glowing
A: tentacle spike 3, almost no armour, amphibious, 8 rings, camouflage 1,
gelatinous body 1, (nimble swimmer 1), tentacles
a: End Transformation, Renounce Religion, Divine Shield


You were on level 5 of the Dungeon.
You worshipped the Shining One.
The Shining One was aware of your devotion.
One of your tentacles had grown a beastly spike.
You visited 1 branch of the dungeon, and saw 5 of its levels.

You collected 165 gold pieces.

Inventory:

Hand Weapons
 f - a +0 falchion
 m - a +0 trident
 n - a +0 short sword
Missiles
 j - 4 poisoned darts
 r - 9 boomerangs
 B - 3 javelins (quivered)
Armour
 p - a +0 buckler
Jewellery
 d - a ring of willpower (left tentacle)
 g - an amulet of guardian spirit (around mantle)
 o - a ring of ice
 A - a +6 ring of strength (right tentacle)
 C - an amulet of magic regeneration
Wands
 v - a wand of paralysis (11)
 y - a wand of flame (2)
Scrolls
 i - 5 scrolls of identify {unknown}
 l - 4 scrolls of enchant armour
 q - a scroll of teleportation {unknown}
 t - a scroll of vulnerability {unknown}
 u - a scroll of acquirement {unknown}
 w - a scroll of amnesia {unknown}
Potions
 a - a potion of lignification
 b - a potion of haste {unknown}
 c - a potion of curing
 e - 2 potions of attraction {unknown}
 h - a potion of brilliance {unknown}
 k - a potion of mutation {unknown}
 s - a potion of cancellation {unknown}
 x - a potion of heal wounds
 z - a potion of might {unknown}


   Skills:
 + Level 2.9 Fighting
 + Level 3.3 Dodging
 * Level 1.2 Shields
 + Level 4.1 Unarmed Combat
 + Level 3.2 Spellcasting
 + Level 3.3 Transmutations
 + Level 2.2 Invocations


You had 9 spell levels left.
You knew the following spells:

 Your Spells              Type           Power      Damage    Failure   Level
a - Beastly Appendage     Tmut           28%        N/A       4%          1
b - Wereblood             Tmut           14%        N/A       6%          2

Your spell library contained the following spells:

 Spells                   Type           Power      Damage    Failure   Level
 Static Discharge         Conj/Air       2%         3-4/arc   24%         2
 Spider Form              Tmut/Pois      8%         N/A       24%         3
 Ice Form                 Ice/Tmut       8%         N/A       63%         4
 Lightning Bolt           Conj/Air       1%         1d12      99%         5
 Maxwell's Capacitive Co  Air            1%         ∞         100%        8


Dungeon Overview and Level Annotations

Branches:
Dungeon (5/15)             Temple (0/1) D:4

Altars:
Kikubaaqudgha
Nemelex Xobeh
Qazlal
Ru
Xom
Zin
The Shining One

Shops:
D:2 :[

Annotations:
D:3 Pargi


Innate Abilities, Weirdness & Mutations

One of your tentacles has grown a beastly spike.
You cannot wear most types of armour.
You are amphibious.
You can wear up to eight rings at the same time.
Your skin changes colour to match your surroundings (Stealth+).
Your rubbery body absorbs attacks. (AC +1, EV +1)
((You are camouflaged when in or above water. (Stealth+)))
You have tentacles for arms and can constrict up to eight enemies at once.


Message History

Confirm with . or Enter, or press ? or * to list all spells.
Your blood is infused with primal strength.
Throw: 5 javelins
Press: ? - help, Q - select action, (/) - cycle Shift-Dir - straight line, f - ice beast
Aim: an ice beast (57% to hit)
You throw a javelin.
The javelin pierces through the ice beast.
The ice beast is lightly wounded.
Throw: 4 javelins
Press: ? - help, Q - select action, (/) - cycle Shift-Dir - straight line, f/p - ice beast
Aim: an ice beast (lightly wounded, 57% to hit)
You throw a javelin.
The javelin closely misses the ice beast.
Your transformation is almost over.
You barely miss the ice beast.
Your tentacle spike misses the ice beast.
The ice beast is lightly wounded.
The ice beast closely misses you.
You tentacle-slap the ice beast.
The ice beast is lightly wounded.
The ice beast hits you. The ice beast freezes you!
You tentacle-slap the ice beast. Your squeeze misses the ice beast.
The ice beast is moderately wounded.
The ice beast hits you. The ice beast freezes you!
You tentacle-slap the ice beast but do no damage.
You squeeze the ice beast, but do no damage.
The ice beast is moderately wounded.
The ice beast barely misses you. A divine shield forms around you!
The ice beast closely misses you.
You tentacle-slap the ice beast.
Your tentacle spike misses the ice beast.
The ice beast is moderately wounded.
The ice beast hits you. The ice beast freezes you!
* * * LOW HITPOINT WARNING * * *
You barely miss the ice beast.
The ice beast is moderately wounded.
The ice beast hits you.
* * * LOW HITPOINT WARNING * * *
The ice beast freezes you!
You die...

.##..##.#.##.######......#
#.#
###..##.#.##.######..#####
#.##
.....................#
#...
###..####.##.#######.#
###. #..####.##.#### #.#
#. #.............# #.# #.
#.###.####.##.####.# #.
#.# #.# #......##.# #.
#.###.##
##..>@....#.###### #.
#.##...#
#.###Y##.#......####.
#.##.#.# #.#
#......<......... #.##...#
#.# ####.######.#####
#.....## #.# #... #.#
####..# #.# ####(# #.#
#..# #.# #.# #.# #..# #.#
#.# #.# #..# #.# #.# #.#


You could see an ice beast.

Vanquished Creatures
  A centaur (D:5)
  A hound (D:5)
  3 orc priests
  An iguana (D:5)
  An orc wizard (D:4)
  4 gnolls (D:3)
  7 adders
  A dart slug (D:1)
  8 orcs
  8 ball pythons
  6 bats
  7 endoplasms
  5 giant cockroaches
  4 goblins
  8 hobgoblins
  5 jackals
  2 kobolds
  3 quokkas
  3 frilled lizards
  7 rats
85 creatures vanquished.

Notes
Turn   | Place    | Note
-------+----------+-------------------------------------------
     0 | D:1      | croobank the Octopode Transmuter began the quest for the
                  | Orb.
     0 | D:1      | Reached XP level 1. HP: 13/13 MP: 3/3
   235 | D:1      | You fall into a shaft and drop 1 floor!
   267 | D:2      | Reached XP level 2. HP: 7/18 MP: 3/5
   490 | D:2      | Learned a level 2 spell: Wereblood
   505 | D:2      | Reached XP level 3. HP: 23/23 MP: 3/6
   871 | D:2      | Found Waezi's Book Shoppe.
  1089 | D:1      | Reached XP level 4. HP: 29/29 MP: 2/7
  2412 | D:2      | Found Veotoq's Armour Emporium.
  2580 | D:3      | Found a faded altar of an unknown god.
  2584 | D:3      | Found an ancient bone altar of Kikubaaqudgha.
  2588 | D:3      | Prayed at the altar of an unknown god.
  2588 | D:3      | Became a worshipper of the Shining One
  2588 | D:3      | Reached * piety under the Shining One
  2640 | D:3      | Found a sparkling altar of Nemelex Xobeh.
  2640 | D:3      | Found a faded altar of an unknown god.
  2648 | D:3      | Found a shimmering altar of Xom.
  2650 | D:3      | Found a stormy altar of Qazlal.
  2652 | D:3      | Found a glowing silver altar of Zin.
  2876 | D:3      | Reached XP level 5. HP: 27/34 MP: 1/8
  3115 | D:3      | Found a faded altar of an unknown god.
  3286 | D:3      | Noticed Pargi
  3355 | D:3      | Reached skill level 1 in Invocations
  4029 | D:4      | Found a staircase to the Ecumenical Temple.
  4097 | D:4      | Reached XP level 6. HP: 41/41 MP: 5/10
  4475 | D:4      | Reached skill level 4 in Unarmed Combat
  4580 | D:5      | Entered Level 5 of the Dungeon
  4846 | D:5      | Found a sacrificial altar of Ru.
  4889 | D:5      | Reached skill level 1 in Shields
  5151 | D:5      | Reached XP level 7. HP: 45/45 MP: 8/11
  5332 | D:5      | Slain by an ice beast

Illustrated notes

Levels and vault maps discovered:
D:1:      shiori_arrival_oz, layout_loops_corners
D:2:      layout_rooms, serial_shops, shop, shop, hangedman_feature_mirror,
          nrook_uturn, minmay_tetromino_t4
D:3:      layout_basic, nicolae_overflow_ecumenical_swirl,
          chequers_temple_overflow_minitemple,
          ebering_ecumenical_altar_abandoned, uniq_pargi
D:4:      layout_rooms, minmay_temple_entry_ruins
D:5:      layout_loops_ring, nicolae_ru_the_path_less_chosen, tso_altar

Skill      XL: |  1  2  3  4  5  6 |
---------------+-------------------+-----
Fighting       | 2 |  2.9
Invocations    | 1 2 |  2.2
Dodging        | 3 |  3.3
Transmutations | 3 |  3.3
Spellcasting   | 3 |  3.2
Unarmed Combat | 4 |  4.1
Shields        | 1 |  1.2

Action                   |  1- 3 |  4- 6 |  7- 9 || total
-------------------------+-------+-------+-------++-------
Melee: Unarmed           |    58 |   128 |     6 ||   192
       Kick              |    12 |    42 |       ||    54
       Constrict         |    11 |    34 |       ||    45
       Tentacles         |     6 |    38 |     1 ||    45
       Punch             |       |     6 |       ||     6
Throw: Javelin           |       |       |     2 ||     2
 Cast: Beastly Appendage |    15 |    34 |     1 ||    50
       Wereblood         |    10 |    30 |     1 ||    41
Invok: Divine Shield     |       |     1 |     1 ||     2
  Use: Potion            |       |     2 |       ||     2
       Scroll            |       |     3 |       ||     3
 Stab: Sleeping          |       |     3 |       ||     3
Armor: Skin              |     3 |     7 |       ||    10
Dodge: Dodged            |    36 |    86 |     3 ||   125
Block: Other             |       |     1 |       ||     1
